 Dungeon Crawl Stone Soup version 0.25.1-2-g60ff931df9 (webtiles) character file.

Game seed: 10119368718934678474

3393 DearestLeader the Envoy of Void (level 9, -4/63 HPs)
             Began as a Demonspawn Abyssal Knight on Sept 25, 2020.
             Was a High Priest of Lugonu.
             Slain by an unseen horror (7 damage)
             ... on level 8 of the Dungeon.
             The game lasted 00:19:33 (7957 turns).

DearestLeader the Envoy of Void (DsAK)              Turns: 7957, Time: 00:19:34

Health: -4/63      AC: 18    Str: 15    XL:     9   Next: 75%
Magic:  16/16      EV:  9    Int: 13    God:    Lugonu [*****.]
Gold:   500        SH:  0    Dex: 14    Spells: 8/8 levels left

rFire    . . .     SeeInvis .   v - +2 trident (vamp)
rCold    . . .     Gourm    .   (no shield)
rNeg     . . .     Faith    .   o - +0 plate armour
rPois    .         Spirit   .   (no helmet)
rElec    .         Reflect  .   f - +0 cloak
rCorr    .         Harm     .   y - +0 pair of gloves
MR       .....                  (no boots)
Stlth    ..........             (no amulet)
HPRegen  0.20/turn              p - +4 ring of evasion
MPRegen  0.15/turn              (no ring)

@: lethally poisoned (-4 -> -5)
A: thin metallic scales 2, demonic guardian 1, spiny 1
a: Depart the Abyss, Bend Space, Banish, Corrupt, Enter the Abyss, Renounce
Religion


You were on level 8 of the Dungeon.
You worshipped Lugonu.
Lugonu was extremely pleased with you.
You were not hungry.

You visited 1 branch of the dungeon, and saw 8 of its levels.
You visited the Abyss 1 time.
You also visited: Sewer.

You collected 500 gold pieces.

Inventory:

Hand Weapons
 a - a +1 hand axe
 v - a +2 vampiric trident (weapon)
Missiles
 D - 21 poisoned darts (quivered)
Armour
 f - a +0 cloak (worn)
 o - a +0 plate armour (worn)
 y - a +0 pair of gloves (worn)
Jewellery
 p - a +4 ring of evasion (left hand)
 C - an uncursed ring of stealth
 H - an uncursed ring of wizardry {unknown}
 I - a cursed -4 ring of evasion
Wands
 b - a wand of enslavement (6)
 B - a wand of disintegration (9)
 E - a wand of paralysis (11)
 F - a wand of flame (11)
Scrolls
 d - 2 scrolls of blinking {unknown}
 e - 2 scrolls of noise {unknown}
 i - 3 scrolls of fog
 l - 3 scrolls of fear
 n - 2 scrolls of enchant armour {unknown}
 t - 2 scrolls of amnesia {unknown}
 u - 5 scrolls of remove curse
 x - 2 scrolls of teleportation {unknown}
 A - a scroll of random uselessness {unknown}
Potions
 g - 4 potions of haste
 h - 2 potions of curing
 j - 2 potions of invisibility {unknown}
 m - 3 potions of flight
 q - 3 potions of heal wounds
 r - a potion of brilliance {unknown}
 s - a potion of cancellation {unknown}
 w - 2 potions of magic
 z - a potion of lignification {unknown}
 G - a potion of resistance {unknown}
Comestibles
 c - 21 rations


   Skills:
 - Level 3.0 Fighting
 * Level 9.4 Axes
 + Level 6.3 Armour
 - Level 0.8 Dodging
 + Level 9.4 Invocations


You had 8 spell levels left.
You didn't know any spells.
Your spell library contained the following spells:

 Spells                   Type           Power        Failure   Level  Hunger
 Corona                   Hex            #......      100%        1    ##.....
 Magic Dart               Conj           #...         100%        1    ##.....
 Ensorcelled Hibernation  Hex/Ice        #.....       100%        2    ###....
 Searing Ray              Conj           #.....       100%        2    ###....
 Confusing Touch          Hex            #.......     100%        3    ####...
 Dazzling Flash           Conj/Hex       #.....       100%        3    ####...
 Gell's Gravitas          Tloc           #.........   100%        3    ####...
 Tukima's Dance           Hex            #.......     100%        3    ####...
 Fulminant Prism          Conj/Hex       #.........   100%        4    #####..
 Iskenderun's Mystic Bla  Conj/Tloc      #.......     100%        4    #####..
 Petrify                  Tmut/Erth      #.......     100%        4    #####..
 Metabolic Englaciation   Hex/Ice        #.........   100%        5    ######.
 Yara's Violent Unravell  Hex/Tmut       #.........   100%        5    ######.


Dungeon Overview and Level Annotations

Branches:
Dungeon (8/15)             Temple (0/1) D:5           Sewer (visited)
   Lair: D:8-11

Altars:
Ru
Sif Muna
Trog
Uskayaw
Vehumet
Wu Jian
Xom
Yredelemnul

Shops:
D:5 }


Innate Abilities, Weirdness & Mutations

You are mostly covered in thin metallic scales. (AC +3)
A weak demonic guardian rushes to your aid.
You are partially covered in sharp spines.


Message History

Something hits your ufetubus.
You feel sick. Something hits you but does no damage. Something hits you.
* * * LOW HITPOINT WARNING * * *
The black bear barely misses your ufetubus.
The black bear claws your ufetubus.
Your ufetubus dies!
Something hits you but does no damage. x2
You feel sick. Something hits you!
* * * LOW HITPOINT WARNING * * *
Something hits you but does no damage. Something hits you but does no damage.
You feel sick. Something hits you.
* * * LOW HITPOINT WARNING * * *
Something hits you but does no damage. Something hits your white imp.
Something hits you but does no damage.
Something hits you but does no damage. x3
You feel sick.
Your white imp closely misses the black bear.
Something hits you!
You die...

######..# #..#
#..## ##..# #..##
##...####
#.......#
#.......#
######@......##
###
#......##.....#
...
###.####.###....#
...
.......h........#
###
######s...#.#..##
..
#=.....5.......#
...
#......##......#
....
#......##...#..#
.....
#...........##.(#


You could see a black bear and a friendly white imp (summoned).

Vanquished Creatures
  Joseph (D:7)
  A slime creature (D:8)
  A hippogriff (D:7)
  A basilisk (D:8)
  A soldier ant (D:8)
  2 water moccasins
  An ice beast (D:5)
  An orc warrior (D:8)
  Purgy (Sewer)
  2 ogres
  A necrophage (D:6)
  A centaur (D:8)
  A big kobold (D:8)
  A bullfrog (D:6)
  A wyvern skeleton (D:7)
  A scorpion (D:6)
  7 wights
  A crimson imp (D:6)
  A bullfrog zombie (D:5)
  2 hounds (D:6)
  3 orc priests
  3 orc wizards
  5 worker ants
  A killer bee zombie (D:7)
  A hound zombie (D:7)
  A mummy (D:7)
  A worker ant zombie (D:7)
  5 gnolls (D:5)
  4 adders
  A howler monkey skeleton (D:6)
  2 shadow imps
  An ooze (D:4)
  An adder zombie (D:8)
  2 adder skeletons
  4 worms
  2 dart slugs (D:1)
  8 leopard geckos
  25 orcs
  11 bats
  5 giant cockroaches
  10 goblins
  12 hobgoblins
  16 jackals
  4 kobolds
  2 quokkas
  5 ball pythons
  9 frilled lizards
  5 rats
  A butterfly (D:5)
179 creatures vanquished.

Vanquished Creatures (collateral kills)
  A water moccasin (D:5)
  An orc warrior (D:7)
  2 ogres
  2 centaurs
  2 bullfrogs
  A wight (D:8)
  A bullfrog zombie (D:5)
  An orc wizard (D:5)
  An adder (D:8)
  2 orcs
  A jackal (D:8)
15 creatures vanquished.

Vanquished Creatures (others)
  An ogre (D:4)
1 creature vanquished.

Grand Total: 195 creatures vanquished

Notes
Turn   | Place    | Note
-------+----------+-------------------------------------------
     0 | Abyss:1  | DearestLeader the Demonspawn Abyssal Knight began the quest
                  | for the Orb.
     0 | Abyss:1  | Reached XP level 1. HP: 18/18 MP: 2/2
    25 | D:1      | Escaped the Abyss
   208 | D:1      | Gained mutation: You are partially covered in thin metallic
                  | scales. (AC +2) [demonic ancestry]
   208 | D:1      | Reached XP level 2. HP: 24/24 MP: 4/4
   489 | D:1      | Reached ** piety under Lugonu
   577 | D:1      | Reached XP level 3. HP: 29/29 MP: 5/5
  2101 | D:3      | Reached XP level 4. HP: 32/35 MP: 6/6
  2146 | D:3      | Found a hide-covered altar of Uskayaw.
  2169 | D:3      | Reached *** piety under Lugonu
  2259 | D:3      | Gained mutation: You are mostly covered in thin metallic
                  | scales. (AC +3) [demonic ancestry]
  2259 | D:3      | Reached XP level 5. HP: 20/41 MP: 6/8
  2835 | D:4      | Found a basalt altar of Yredelemnul.
  2839 | D:4      | Found a radiant altar of Vehumet.
  3120 | D:4      | Noticed an ogre
  3139 | D:4      | Banished an ogre
  3139 | D:4      | Gained mutation: A weak demonic guardian rushes to your
                  | aid. [demonic ancestry]
  3139 | D:4      | Reached XP level 6. HP: 20/47 MP: 9/9
  3631 | D:4      | Found a bloodstained altar of Trog.
  3742 | D:5      | Entered Level 5 of the Dungeon
  3798 | D:5      | Reached skill level 5 in Invocations
  4100 | D:5      | Reached skill level 5 in Axes
  4106 | D:5      | Found a glowing drain.
  4117 | Sewer    | Entered a sewer
  4163 | Sewer    | Noticed Purgy
  4194 | Sewer    | Killed Purgy
  4194 | Sewer    | Reached **** piety under Lugonu
  4456 | D:5      | Found Ytaepsun's Gadget Shoppe.
  4491 | D:5      | Found a staircase to the Ecumenical Temple.
  4525 | D:5      | Noticed a water moccasin
  4878 | D:5      | Gained mutation: You are partially covered in sharp spines.
                  | [demonic ancestry]
  4878 | D:5      | Reached XP level 7. HP: 47/52 MP: 11/11
  5088 | D:5      | Found a shimmering blue altar of Sif Muna.
  5138 | D:5      | Found a shimmering altar of Xom.
  5565 | D:6      | Found an ornate altar of the Wu Jian Council.
  5707 | D:6      | Reached XP level 8. HP: 57/58 MP: 12/12
  6417 | D:7      | Noticed Joseph
  6659 | D:7      | Found a sand-covered staircase.
  6835 | D:7      | Killed Joseph
  6835 | D:7      | Reached skill level 5 in Armour
  7009 | D:7      | Reached XP level 9. HP: 63/63 MP: 15/15
  7383 | D:7      | Found a sacrificial altar of Ru.
  7459 | D:8      | Reached ***** piety under Lugonu
  7956 | D:8      | HP: 3/63 [poisoned by an orc]
  7957 | D:8      | Slain by an unseen horror

Illustrated notes

Levels and vault maps discovered:
D:1:      saegor_arrival_simple_c, layout_rooms
D:2:      layout_basic, kennysheep_generic_room_9
D:3:      layout_basic, nicolae_overflow_crystal_walls
D:4:      layout_loops_ring, grunt_temple_overflow_open, lemuel_round_altar
D:5:      layout_basic, xom_butterflies, kennysheep_mini,
          minmay_temple_entry_statues_pillars, first_ration,
          portal_sewer_entry_b, serial_shops, shop, kennysheep_potato
D:6:      layout_gridville, overflow_temple_1_default
D:7:      layout_basic, marbit_many_paths, gup_ossuary_entry_pyramid,
          lightli_orcish_oven, uniq_joseph
D:8:      minmay_cut_squares, layout_basic, blue_anna_alchemist
          [blue_anna_fruit_fields, blue_anna_fruit_fields],
          chequers_guarded_unrand_ignorance

Skill      XL: |  1  2  3  4  5  6  7  8  9 |
---------------+----------------------------+-----
Axes           | 2 3 4 5 6 8 9 |  9.4
Invocations    | 3 4 5 6 8 9 |  9.4
Armour         | 2 3 4 5 6 |  6.3
Fighting       | |  3.0
Dodging        | |  0.8

Action                   |  1- 3 |  4- 6 |  7- 9 || total
-------------------------+-------+-------+-------++-------
Melee: Hand axe          |   186 |   262 |   106 ||   554
       Trident           |       |       |   211 ||   211
Invok: Banish            |       |     1 |       ||     1
  Use: Scroll            |       |     1 |     7 ||     8
 Stab: Distracted        |       |     1 |       ||     1
  Eat: Chunk             |     4 |     9 |    11 ||    24
Armor: Scale mail        |     3 |       |       ||     3
       Chain mail        |   121 |       |       ||   121
       Plate armour      |    45 |   200 |   179 ||   424
Dodge: Dodged            |    48 |   103 |   112 ||   263
